 Dungeon Crawl Stone Soup version 0.29.1-15-g9cfb28693d (webtiles) character file.

Game seed: 6817274388224620067

18 Kold the Trooper (level 2, 11/24 HPs)
             Began as a Demonspawn Monk on Feb 24, 2023.
             Was an Initiate of Ru.
             Quit the game on level 1 of the Dungeon.
             The game lasted 00:01:11 (622 turns).

Kold the Trooper (Demonspawn Monk)                   Turns: 622, Time: 00:01:11

Health: 11/24      AC:  3    Str: 11    XL:     2   Next: 48%
Magic:  11/11      EV: 13    Int: 11    God:    Ru [......]
Gold:   42         SH:  0    Dex: 15    Spells: 1/1 levels left

rFire   . . .      SeeInvis .   a - +0 mace
rCold   . . .      Faith    .   (no shield)
rNeg    . . .      Spirit   .   b - +0 robe
rPois   .          Reflect  .   (no helmet)
rElec   .          Harm     .   f - +0 cloak
rCorr   .          Rampage  .   (no gloves)
Will    .....                   (no boots)
Stlth   ++........              (no amulet)
HPRegen 0.08/turn               e - ring of magical power
MPRegen 0.12/turn               (no ring)

@: no status effects
A: demonic touch 1
a: Renounce Religion, Sacrifice Courage, Sacrifice a Hand, Sacrifice Purity,
Reject Sacrifices


You were on level 1 of the Dungeon.
You worshipped Ru.
Ru was noncommittal.
You visited 1 branch of the dungeon, and saw 1 of its levels.

You collected 42 gold pieces.

Inventory:

Hand Weapons
 a - a +0 mace (weapon)
Armour
 b - a +0 robe (worn)
 f - a +0 cloak (worn)
Jewellery
 e - a ring of magical power (left hand)
Scrolls
 d - a scroll of blinking {unknown}
 g - a scroll of identify {unknown}
 h - a scroll of magic mapping {unknown}
 j - a scroll of butterflies {unknown}
Potions
 c - a potion of ambrosia
 i - a potion of mutation {unknown}


   Skills:
 + Level 3.2 Fighting
 + Level 2.9 Maces & Flails
 + Level 2.9 Dodging
 + Level 2.1 Stealth


You had one spell level left.
You didn't know any spells.
Your spell library was empty.

Dungeon Overview and Level Annotations

Branches:
Dungeon (1/15)

Altars:
Ru

Shops:
D:1 (


Innate Abilities, Weirdness & Mutations

Your touch may inflict minor irresistible damage on your foes.


Message History

The quokka bites you.
The quokka bites you but does no damage.
You hit the quokka.
The quokka is almost dead.
The quokka barely misses you.
You hit the quokka.
You kill the quokka!
The hobgoblin throws a stone.
The stone hits you.
The hobgoblin hits you with a +0 hand axe.
* * * LOW HITPOINT WARNING * * *
You are too injured to fight recklessly!
You are too injured to fight recklessly!
You are too injured to fight recklessly!
You are too injured to fight recklessly!
You hit the hobgoblin.
You kill the hobgoblin!
Found a leather armour.
Found a stone staircase leading down.
j - a scroll labelled RAOGAT PEGUP You now have 42 gold pieces (gained 31).
Things that are here:
a +0 hand axe; 3 stones Search for what [? for help]? unk
There is a faded altar of an unknown god here.
Okay, then.
Unknown command.
Press < or > to pray at altars.
Unknown command.
Press < or > to pray at altars.
Unknown command.
Press < or > to pray at altars.
Annotate which branch? (. - D:1, ? - help, ! - show branch list)
Okay, then.
There are no items here.
You cannot tell which god this altar belongs to.
Convert to them anyway?
Ru accepts your prayer! Ru welcomes you!
Unknown command.
Press < or > to pray at altars.
Ru believes you are ready to make a new sacrifice.
Are you sure you want to abandon this character and quit the game? (Confirm with "yes".)

#...#...
#####################.#.#######
...............................
..........#############.######.
#..........#...#P#...#.......#
#..........#.#.#P#.#.#....##.#
#......##...P.PP..P..P..#.##.#
#......#...#.#.#P#.#.#..#.##.#
#......#...#...#@#...#..#.##.#
#..........#.#.#.#.#.#....##.#
#####.#....P.P...PP.P...####.#
###.#....#.#.#.#.#.#.÷# #.#
#...###..#...#.#.P.#..# #.#
#.......#############.####.#
#................†.........# #
#.######..#..........####### #
#.#.........#....#.#########


There were no monsters in sight!

Vanquished Creatures
  3 bats (D:1)
  An endoplasm (D:1)
  5 hobgoblins (D:1)
  A quokka (D:1)
  3 kobolds (D:1)
  3 rats (D:1)
16 creatures vanquished.

Notes
Turn   | Place    | Note
-------+----------+-------------------------------------------
     0 | D:1      | Kold the Demonspawn Monk began the quest for the Orb.
     0 | D:1      | Reached XP level 1. HP: 18/18 MP: 1/1
   335 | D:1      | Discovered your monstrous ancestry.
   335 | D:1      | Gained mutation: Your touch may inflict minor irresistible
                  | damage on your foes. [demonic ancestry]
   335 | D:1      | Reached XP level 2. HP: 20/24 MP: 2/2
   442 | D:1      | Found Hisaovy's Weapon Shoppe.
   520 | D:1      | Found a faded altar of an unknown god.
   620 | D:1      | Prayed at the altar of an unknown god.
   620 | D:1      | Became a worshipper of Ru the Awakened
   622 | D:1      | Quit the game

Illustrated notes

Levels and vault maps discovered:
D:1:      dpeg_arrival_castle, layout_basic, serial_shops, shop,
          nicolae_shop_overgrown_old_shop,
          shapermc_ecumenical_altar_mp_urbaneastern

Skill      XL: |  1 |
---------------+----+-----
Stealth        | 2 |  2.1
Fighting       | |  3.2
Maces & Flails | |  2.9
Dodging        | |  2.9

Action                   || total
-------------------------++-------
Melee: Mace              ||    32
       Touch             ||     2
 Stab: Sleeping          ||     4
Armor: Robe              ||     8
Dodge: Dodged            ||    22
